 Dungeon Crawl Stone Soup version 0.30.0-13-g156ef70053 (webtiles) character file.

Game seed: 17485400012595937432

156 Esekla the Slasher (level 5, -1/31 HPs)
             Began as a Tengu Warper on May 17, 2023.
             Slain by Grinder (5 damage)
             ... on level 4 of the Dungeon.
             The game lasted 00:12:46 (3050 turns).

Esekla the Slasher (Tengu Warper)                   Turns: 3050, Time: 00:12:47

Health: -1/31      AC:  4    Str: 22    XL:     5   Next: 37%
Magic:  8/10       EV: 14    Int: 15    God:
Gold:   172        SH:  0    Dex: 13    Spells: 4/9 levels left

rFire   . . .        d - +11 short sword of an ice cave {vamp, Str+4}
rCold   . . .        (no shield)
rNeg    . . .        b - +0 leather armour
rPois   .            (helmet restricted)
rElec   .            (no cloak)
rCorr   .            h - +0 pair of gloves
SInv    .            (boots unavailable)
Will    .....        A - amulet of magic regeneration
Stlth   +            u - +6 ring of strength
HPRegen 0.25/turn    (no ring)
MPRegen 0.52/turn

%: no passive effects
@: flying quickly and evasively, very slightly contaminated, quick
A: beak, talons 3, nimble flight
a: no special abilities


You were on level 4 of the Dungeon.
You visited 1 branch of the dungeon, and saw 4 of its levels.

You collected 202 gold pieces.
You spent 30 gold pieces at shops.

Inventory:

Hand Weapons
 a - a +0 long sword
 d - the +11 short sword of an ice cave (weapon) {vamp, Str+4}
   (You found it on level 3 of the Dungeon)

   Str:       It affects your strength (+4).
 i - a +0 dagger
 s - the +5 rapier of Doors {freeze, *Noise rPois Dex+6 Stlth-}
   (You found it on level 2 of the Dungeon)

   Dex:       It affects your dexterity (+6).
   rPois:     It protects you from poison.
   *Noise:    It may make noises in combat.
   Stlth:     It makes you less stealthy.
Missiles
 v - 3 curare-tipped darts
 x - 4 poisoned darts (quivered)
Armour
 b - a +0 leather armour (worn)
 h - a +0 pair of gloves (worn)
Jewellery
 q - a ring of fire
 u - a +6 ring of strength (left hand)
 A - an amulet of magic regeneration (around neck)
Scrolls
 c - a scroll of blinking
 e - 2 scrolls of summoning {unknown}
 f - 2 scrolls of vulnerability {unknown}
 j - 2 scrolls of identify {unknown}
 l - a scroll of poison {unknown}
 m - 2 scrolls of magic mapping {unknown}
 n - a scroll of amnesia {unknown}
 p - 3 scrolls of teleportation
 r - a scroll of silence {unknown}
 t - a scroll of enchant weapon {unknown}
 y - a scroll of fog {unknown}
Potions
 g - 4 potions of curing {unknown}
 k - a potion of brilliance {unknown}
 o - a potion of ambrosia {unknown}
 w - a potion of lignification {unknown}
 z - 2 potions of might {unknown}
 B - a potion of attraction {unknown}


   Skills:
 * Level 2.5 Fighting
 + Level 0.1(1.9) Short Blades
 * Level 3.2 Long Blades
 + Level 1.0 Throwing
 * Level 2.3 Armour
 * Level 2.9 Dodging
 * Level 2.7 Spellcasting
 + Level 2.5 Translocations
 * Level 1.7 Air Magic
 * Level 1.1 Poison Magic


You had 4 spell levels left.
You knew the following spells:

 Your Spells              Type           Power      Damage    Failure   Level
b - Blink                 Tloc           18%        N/A       12%         2
h - Vhi's Electric Charg  Tloc/Air       16%        N/A       30%         3

Your spell library contained the following spells:

 Spells                   Type           Power      Damage    Failure   Level
 Lesser Beckoning         Tloc           18%        N/A       12%         2
 Teleport Other           Tloc           9%         N/A       24%         3
 Ozocubu's Armour         Ice            2%         N/A       56%         3
 Manifold Assault         Tloc           9%         N/A       63%         4
 Olgreb's Toxic Radiance  Pois           5%         N/A       83%         4
 Metabolic Englaciation   Hex/Ice        1%         N/A       100%        5
 Simulacrum               Ice/Necr       1%         N/A       100%        6
 Discord                  Hex            1%         N/A       100%        8
 Ignition                 Fire           1%         3d3       100%        8


Dungeon Overview and Level Annotations

Branches:
Dungeon (4/15)
 Temple: D:4-7

Altars:
Xom

Shops:
D:2 ((?*

Annotations:
D:4 Grinder


Innate Abilities, Weirdness & Mutations

You have a beak for a mouth.
You have claws for feet.
Your magical nature lets you fly swiftly and evasively.


Message History

You kill the ball python!
You see here a ball python corpse.
You see here a +0 lajatang.
Found a stone staircase leading up.
Found a lumpy cyan potion.
An endoplasm comes into view.
A ball python comes into view.
The endoplasm hits you but does no damage.
You see here a lumpy cyan potion.
The ball python hisses angrily.
You hit the endoplasm. You claw the endoplasm.
You kill the endoplasm!
You hit the ball python.
You kill the ball python!
You see here a ball python corpse.
g - 4 lumpy cyan potions (gained 1)
Found a stone staircase leading down.
Found an inky potion.
B - an inky potion Grinder comes into view.
Found a stone staircase leading down.
Grinder shouts!
Grinder blinks!
Grinder moves out of view.
Grinder says, "Tell me all your secrets, or I'll kill you."
Grinder gestures at you. Pain shoots through your body!
Grinder gestures at you. Pain shoots through your body!
You puncture Grinder! Your kick misses Grinder. You peck Grinder.
Grinder is moderately wounded.
Grinder gestures at you. Pain shoots through your body!
* * * LOW HITPOINT WARNING * * *
Cast which spell? (? or * to list)
You miscast Blink.
You are very lightly contaminated with residual magic.
Nothing appears to happen.
Grinder hits you.
* * * LOW HITPOINT WARNING * * *
You writhe in agony.
You die...

.## ## # # #
########## .#
.........## ###..#
..#####...## ###>....#
..### #....####......#
#...###.........@5..##
##...................#
#####..##...##......#
#.####.####.....# ##
#.# #..# #.....# .#
#.# #...>.....## .##
#.## #######..##
#.####..# #.#
##.##..## .#


You could see Grinder.

Vanquished Creatures
  3 gnolls (D:4)
  3 adders
  3 worms (D:2)
  4 dart slugs
  6 orcs
  8 ball pythons
  5 bats (D:3)
  6 endoplasms
  A giant cockroach (D:1)
  7 hobgoblins
  9 jackals
  4 quokkas
  2 frilled lizards
  5 goblins
  2 kobolds
  2 rats
70 creatures vanquished.

Notes
Turn   | Place    | Note
-------+----------+-------------------------------------------
     0 | D:1      | Esekla the Tengu Warper began the quest for the Orb.
     0 | D:1      | Reached XP level 1. HP: 12/12 MP: 4/4
   510 | D:1      | Reached XP level 2. HP: 12/17 MP: 6/6
   513 | D:1      | Learned a level 2 spell: Blink
   940 | D:2      | Found Akhluclekh's Magic Scroll Emporium.
   951 | D:2      | Bought a scroll of teleportation for 30 gold pieces
  1051 | D:2      | Reached XP level 3. HP: 21/21 MP: 7/7
  1055 | D:2      | Learned a level 3 spell: Vhi's Electric Charge
  1107 | D:2      | Found Diluk's Assorted Antiques.
  1535 | D:2      | Found Gygi Pebbofe's Antique Weapon Boutique.
  1658 | D:2      | Identified the +5 rapier of Doors {freeze, *Noise rPois
                  | Dex+6 Stlth-}
  1713 | D:2      | Found Acameshesm's Weapon Boutique.
  1717 | D:2      | Reached XP level 4. HP: 26/26 MP: 8/8
  2048 | D:3      | Reached skill level 1 in Air Magic
  2296 | D:3      | Reached skill level 3 in Long Blades
  2378 | D:3      | Identified the +11 short sword of an ice cave {vamp, Str+4}
  2417 | D:3      | Reached skill level 1 in Poison Magic
  2534 | D:4      | Found a shimmering altar of Xom.
  2703 | D:4      | Gained mutation: Your magical nature lets you fly swiftly
                  | and evasively. [Tengu growth]
  2703 | D:4      | Reached XP level 5. HP: 31/31 MP: 9/9
  3042 | D:4      | Noticed Grinder
  3050 | D:4      | Slain by Grinder

Illustrated notes

Levels and vault maps discovered:
D:1:      lightli_arrival_flooded_house, layout_basic
D:2:      layout_loops_corners, serial_shops, shop,
          nicolae_shop_real_fake_doors, nicolae_diamond_shop, shop
D:3:      layout_rooms
D:4:      layout_layer_cave, amcnicky_altar_gilded, temple_fountains,
          uniq_grinder

Skill      XL: |  1  2  3  4 |
---------------+-------------+-----
Armour         | 2 |  2.3
Air Magic      | 1 |  1.7
Long Blades    | 3 |  3.2
Poison Magic   | 1 |  1.1
Fighting       | |  2.5
Short Blades   | |  0.1
Throwing       | |  1.0
Dodging        | |  2.9
Spellcasting   | |  2.7
Translocations | |  2.5

Action                     |  1- 3 |  4- 6 || total
---------------------------+-------+-------++-------
  Melee: Falchion          |    87 |       ||    87
         Kick              |    15 |    11 ||    26
         Peck              |    17 |     5 ||    22
         Rapier            |     2 |    32 ||    34
         Short sword       |       |    26 ||    26
   Stab: Sleeping          |     1 |       ||     1
 Armour: Leather armour    |    22 |    12 ||    34
  Dodge: Dodged            |    54 |    35 ||    89
